 Dungeon Crawl Stone Soup version 0.25.0-11-g1f837a76a1 (webtiles) character file.

Game seed: 15365020396019894690

84778 shadizar the Blocker (level 15, 0/120 HPs)
             Began as a Gnoll Fighter on June 24, 2020.
             Was an Elder of Okawaru.
             Slain by a white ugly thing (7 damage)
             ... on level 13 of the Dungeon.
             The game lasted 00:51:21 (29566 turns).

shadizar the Blocker (Gnoll Fighter)               Turns: 29566, Time: 00:51:23

Health: 0/120      AC: 24    Str: 24    XL:     15   Next: 81%
Magic:  29/29      EV: 14    Int: 16    God:    Okawaru [****..]
Gold:   2765       SH: 13    Dex: 15    Spells: 34/34 levels left

rFire    . . .     SeeInvis .   H - +7 mace "Ozaorof" {vorpal, rC++ rN+}
rCold    + + +     Gourm    .   c - +0 kite shield
rNeg     + . .     Faith    .   W - +4 chain mail {rPois}
rPois    +         Spirit   .   R - +0 helmet
rElec    .         Reflect  .   G - +0 cloak
rCorr    .         Harm     +   a - +1 pair of gloves
MR       +....                  O - +1 pair of boots of Decaying Leaves {Harm Int+5}
Stlth    +.........             b - amulet of regeneration
HPRegen  0.70/turn              v - +4 ring of slaying
MPRegen  0.21/turn              m - ring of protection from cold

@: no status effects
A: distributed training, fangs 1, strong nose
a: Heroism, Renounce Religion


You were on level 13 of the Dungeon.
You worshipped Okawaru.
Okawaru was greatly pleased with you.
You were hungry.

You visited 4 branches of the dungeon, and saw 23 of its levels.

You collected 2765 gold pieces.

Inventory:

Hand Weapons
 H - the +7 mace "Ozaorof" (weapon) {vorpal, rC++ rN+}
   (You found it on level 7 of the Dungeon)

   It inflicts extra damage upon your enemies.
   It greatly protects you from cold.
   It protects you from negative energy.
 M - the +4 trident "Sarcophage" {venom, rPois Dex+2}
   (You found it on level 2 of the Lair of Beasts)

   It poisons the flesh of those it strikes.
   It affects your dexterity (+2).
   It protects you from poison.
Armour
 a - a +1 pair of gloves (worn)
 c - a +0 kite shield (worn)
 G - a +0 cloak (worn)
 O - the +1 pair of boots of Decaying Leaves (worn) {Harm Int+5}
   (You found it on level 14 of the Dungeon)

   It affects your intelligence (+5).
   It increases damage dealt and taken.
 R - a +0 helmet (worn)
 W - a +4 chain mail of poison resistance (worn)
Jewellery
 b - an amulet of regeneration (around neck)
 m - a ring of protection from cold (right hand)
 v - a +4 ring of slaying (left hand)
 x - an uncursed amulet of magic regeneration
 y - a +6 ring of strength {unknown}
 z - an uncursed amulet of reflection
 C - an uncursed ring of stealth
 I - an uncursed amulet of guardian spirit
 J - a +6 ring of intelligence
 P - an uncursed ring of ice
 T - an uncursed ring of protection from magic {unknown}
 U - an uncursed ring of see invisible
Wands
 i - a wand of clouds (4)
 r - a wand of iceblast (28)
 t - a wand of digging (7)
 A - a wand of flame (72)
 D - a wand of disintegration (19)
 N - a wand of enslavement (7)
 S - a wand of paralysis (6)
 X - a wand of polymorph (11)
Scrolls
 j - 5 scrolls of amnesia
 l - 5 scrolls of magic mapping
 p - 9 scrolls of teleportation
 q - a scroll of holy word {unknown}
 u - 11 scrolls of remove curse
 L - 6 scrolls of enchant weapon
 Q - 4 scrolls of identify
 V - 2 scrolls of fear
Potions
 d - 3 potions of might
 e - 3 potions of curing
 g - 4 potions of ambrosia
 h - 5 potions of stabbing
 k - 4 potions of lignification
 n - 5 potions of cancellation
 o - a potion of haste
 s - a potion of brilliance
 w - 5 potions of resistance
 E - 2 potions of flight
 K - 4 potions of magic
Comestibles
 f - 42 rations


   Skills:
 + Level 11.9 Fighting
 + Level 10.1 Short Blades
 + Level 10.1 Long Blades
 + Level 11.1 Axes
 + Level 10.1 Maces & Flails
 + Level 10.1 Polearms
 + Level 10.1 Staves
 + Level 10.1 Slings
 + Level 10.1 Bows
 + Level 10.1 Crossbows
 + Level 10.1 Throwing
 + Level 11.9 Armour
 + Level 10.1 Dodging
 + Level 10.1 Stealth
 + Level 11.9 Shields
 + Level 10.1 Unarmed Combat
 + Level 10.1 Spellcasting
 + Level 8.6 Conjurations
 + Level 8.6 Hexes
 + Level 8.6 Charms
 + Level 8.6 Summonings
 + Level 8.6 Necromancy
 + Level 8.6 Translocations
 + Level 8.6 Transmutations
 + Level 8.6 Fire Magic
 + Level 8.6 Ice Magic
 + Level 8.6 Air Magic
 + Level 8.6 Earth Magic
 + Level 8.6 Poison Magic
 + Level 11.0 Invocations
 + Level 10.1 Evocations


You had 34 spell levels left.
You didn't know any spells.
Your spell library contained the following spells:

 Spells                   Type           Power        Failure   Level  Hunger
 Animate Skeleton         Necr           N/A          1%          1    None
 Apportation              Tloc           #####.       1%          1    None
 Corona                   Hex            #####..      1%          1    None
 Magic Dart               Conj           ####         1%          1    None
 Summon Small Mammal      Summ           ####         1%          1    None
 Searing Ray              Conj           #####.       3%          2    None
 Dazzling Flash           Conj/Hex       #####.       6%          3    None
 Cause Fear               Hex            #####.....   19%         4    ###....
 Fulminant Prism          Conj/Hex       #####.....   19%         4    ###....
 Iskenderun's Mystic Bla  Conj/Tloc      #####...     19%         4    ###....
 Silence                  Hex/Air        #####.....   47%         5    #####..
 Yara's Violent Unravell  Hex/Tmut       #####.....   47%         5    #####..
 Discord                  Hex            #####.....   100%        8    #######


Dungeon Overview and Level Annotations

Branches:
Dungeon (14/15)            Temple (1/1) D:4            Lair (6/6) D:10
 Shoals (0/4) Lair:2       Spider (0/4) Lair:4        Slime (0/5) Lair:5
    Orc (2/2) D:9             Elf (0/3) Orc:2        Vaults (0/5) D:13

Altars:
Ashenzari
Cheibriados
Dithmenos
Elyvilon
Fedhas
Gozag
Hepliaklqana
Kikubaaqudgha
Makhleb
Nemelex Xobeh
Okawaru
Qazlal
Ru
Sif Muna
Trog
Uskayaw
Vehumet
Wu Jian
Xom
Yredelemnul
Zin
The Shining One
Beogh
Jiyva

Shops:
D:12 *   Orc:2 =(!?

Portals:
Trove: D:14 (show abyssal rune of Zot)

Annotations:
D:7 1 runed translucent door, Crazy Yiuf
D:13 2 runed translucent doors, Ined's ghost, journeyman MiBe
Lair:1 exclusion: 2 oklob plants
Lair:3 exclusion: ice statue
Orc:1 2 transporters, sentinel's ghost, journeyman DDNe


Innate Abilities, Weirdness & Mutations

Your experience applies equally to all skills.
You have very sharp teeth.
Your uncanny sense of smell can sniff out nearby items.


Message History

Unknown command.
Unknown command.
Unknown command.
The white ugly thing tentacle-slaps you but does no damage.
You sock the white ugly thing!
The white ugly thing is moderately wounded.
You block the white ugly thing's attack.
You hit the white ugly thing. You bite the white ugly thing.
The white ugly thing is heavily wounded.
The white ugly thing tentacle-slaps you.
* * * LOW HITPOINT WARNING * * *
The white ugly thing freezes you. You resist.
* * * LOW HITPOINT WARNING * * *
You sock the white ugly thing!
You bite the white ugly thing, but do no damage.
The white ugly thing is severely wounded.
The white ugly thing tentacle-slaps you!
* * * LOW HITPOINT WARNING * * *
The white ugly thing freezes you. You resist.
You die...

#####....<...
#.[..........
#[###........ #.#
#........
######.###........
#.....>...........
#.########........
#u# #......!.
#@########........
#.....[...........
##########........
#...............
#.#.............
#.###.##........
#...............
####...#.#######
#.....#.#


You could see a white ugly thing.

Vanquished Creatures
  An orc warlord (D:9)
  The ghost of Setanta the Blocker, a journeyman GnFi of Gozag (Lair:2)
  2 vault guards (D:13)
  A hydra (D:14)
  Erolcha (D:13)
  An ice dragon (Lair:3)
  An ogre mage (D:10)
  3 centaur warriors
  4 two-headed ogres
  2 death knights
  10 death yaks
  2 tengu warriors (D:13)
  An orc high priest (Orc:1)
  Sonja (Orc:2)
  6 skeletal warriors
  6 unseen horrors
  3 wizards (D:13)
  A phantasmal warrior (D:11)
  7 orc knights
  Pikel (D:9)
  2 necromancers (D:13)
  5 deep elf magi
  2 ugly things
  3 cyclopes
  A manticore (D:11)
  A manticore (shapeshifter) (D:13)
  6 elephants
  A black mamba (Lair:4)
  Maggie (D:7)
  A yaktaur (D:13)
  2 spiny frogs
  A redback zombie (D:14)
  2 freezing wraiths
  A red devil (D:9)
  3 komodo dragons
  8 trolls
  5 polar bears (Lair:6)
  Grinder (D:3)
  6 hornets
  8 dream sheep
  13 hippogriffs
  8 blink frogs
  14 spriggans (Lair:6)
  Sigmund (D:2)
  A shadow (D:14)
  A vampire (D:13)
  3 wraiths (D:11)
  2 wyverns
  Eustachio (D:6)
  35 yaks
  A steam dragon (D:9)
  A basilisk (Lair:6)
  18 humans (D:13)
  2 hungry ghosts
  2 acid dragons
  5 wargs
  3 soldier ants
  3 porcupines
  23 water moccasins
  46 orc warriors
  3 sky beasts
  4 black bears
  6 ice beasts
  A phantom (D:7)
  An eye of draining (D:12)
  6 centaurs
  6 boggarts
  A necrophage (D:11)
  27 wolves
  20 ogres
  9 crocodiles
  3 gnoll sergeants (D:9)
  3 elf zombies (D:11)
  10 bullfrogs
  5 scorpions
  2 wyvern skeletons
  13 killer bees
  4 wights
  An electric eel (Lair:2)
  10 howler monkeys
  3 crimson imps
  3 bullfrog zombies
  3 quasits
  A centaur skeleton (D:10)
  3 centaur zombies
  3 hounds
  6 jellies
  A bullfrog skeleton (D:4)
  2 gnoll shamans
  14 orc priests
  2 human zombies (D:11)
  15 orc wizards
  2 iguanas
  10 worker ants
  An ogre zombie (D:11)
  A mummy (D:11)
  A worker ant zombie (D:10)
  A howler monkey zombie (D:9)
  25 adders
  19 gnolls
  4 shadow imps
  2 white imps (Lair:3)
  An adder zombie (D:7)
  An ooze (D:2)
  2 dart slugs
  5 leopard geckos
  106 orcs
  6 bats
  5 giant cockroaches
  10 goblins
  7 hobgoblins
  11 jackals
  4 quokkas
  2 ball pythons
  7 frilled lizards
  12 kobolds
  A leopard gecko skeleton (D:5)
  A quokka skeleton (D:4)
  6 rats
742 creatures vanquished.

Vanquished Creatures (others)
  A slave (D:9)
  4 fungi
  5 plants
10 creatures vanquished.

Grand Total: 752 creatures vanquished

Notes
Turn   | Place    | Note
-------+----------+-------------------------------------------
     0 | D:1      | shadizar the Gnoll Fighter began the quest for the Orb.
     0 | D:1      | Reached XP level 1. HP: 23/23 MP: 1/1
   108 | D:1      | Reached XP level 2. HP: 17/29 MP: 2/2
   620 | D:1      | Reached XP level 3. HP: 35/35 MP: 3/3
   873 | D:2      | Reached skill level 1 in Invocations
   931 | D:2      | Noticed Sigmund
   938 | D:2      | Killed Sigmund
   938 | D:2      | Reached skill level 1 in Short Blades
   938 | D:2      | Reached skill level 1 in Long Blades
   938 | D:2      | Reached skill level 1 in Maces & Flails
   938 | D:2      | Reached skill level 1 in Polearms
   938 | D:2      | Reached skill level 1 in Staves
   938 | D:2      | Reached skill level 1 in Slings
   938 | D:2      | Reached skill level 1 in Bows
   938 | D:2      | Reached skill level 1 in Crossbows
   938 | D:2      | Reached skill level 1 in Throwing
   938 | D:2      | Reached skill level 1 in Dodging
   938 | D:2      | Reached skill level 1 in Stealth
   938 | D:2      | Reached skill level 1 in Unarmed Combat
   938 | D:2      | Reached skill level 1 in Spellcasting
   938 | D:2      | Reached skill level 1 in Conjurations
   938 | D:2      | Reached skill level 1 in Hexes
   938 | D:2      | Reached skill level 1 in Charms
   938 | D:2      | Reached skill level 1 in Summonings
   938 | D:2      | Reached skill level 1 in Necromancy
   938 | D:2      | Reached skill level 1 in Translocations
   938 | D:2      | Reached skill level 1 in Transmutations
   938 | D:2      | Reached skill level 1 in Fire Magic
   938 | D:2      | Reached skill level 1 in Ice Magic
   938 | D:2      | Reached skill level 1 in Air Magic
   938 | D:2      | Reached skill level 1 in Earth Magic
   938 | D:2      | Reached skill level 1 in Poison Magic
   938 | D:2      | Reached skill level 1 in Evocations
   938 | D:2      | Reached XP level 4. HP: 14/41 MP: 4/6
   938 | D:2      | Reached XP level 5. HP: 16/47 MP: 4/7
  1488 | D:2      | Reached XP level 6. HP: 53/53 MP: 8/8
  2000 | D:3      | Reached skill level 5 in Axes
  2588 | D:3      | Noticed Grinder
  2607 | D:3      | Killed Grinder
  2607 | D:3      | Reached XP level 7. HP: 22/60 MP: 10/10
  3647 | D:4      | Reached XP level 8. HP: 67/67 MP: 12/12
  3759 | D:4      | Found a staircase to the Ecumenical Temple.
  4139 | D:5      | Entered Level 5 of the Dungeon
  4855 | D:6      | Found a hide-covered altar of Uskayaw.
  5153 | D:6      | Reached XP level 9. HP: 68/72 MP: 14/14
  5264 | D:6      | Noticed Eustachio
  5375 | D:6      | Killed Eustachio
  5557 | D:7      | Found an ornate altar of the Wu Jian Council.
  5687 | D:7      | Noticed Maggie
  5711 | D:7      | Killed Maggie
  6282 | D:7      | Found a runed translucent door.
  6290 | D:7      | Noticed Crazy Yiuf
  6291 | D:7      | Got a steaming mace
  7106 | D:8      | Reached skill level 5 in Invocations
  7574 | D:8      | Reached XP level 10. HP: 78/80 MP: 15/17
  7965 | D:8      | Identified the +7 mace "Ozaorof" {vorpal, rC++ rN+} (You
                  | found it on level 7 of the Dungeon)
  8106 | D:9      | Reached skill level 5 in Short Blades
  8106 | D:9      | Reached skill level 5 in Long Blades
  8106 | D:9      | Reached skill level 5 in Maces & Flails
  8106 | D:9      | Reached skill level 5 in Polearms
  8106 | D:9      | Reached skill level 5 in Staves
  8106 | D:9      | Reached skill level 5 in Slings
  8106 | D:9      | Reached skill level 5 in Bows
  8106 | D:9      | Reached skill level 5 in Crossbows
  8106 | D:9      | Reached skill level 5 in Throwing
  8106 | D:9      | Reached skill level 5 in Dodging
  8106 | D:9      | Reached skill level 5 in Stealth
  8106 | D:9      | Reached skill level 5 in Unarmed Combat
  8106 | D:9      | Reached skill level 5 in Spellcasting
  8106 | D:9      | Reached skill level 5 in Evocations
  8434 | D:9      | Noticed a rust devil
  8435 | D:9      | Noticed an orange demon
  8436 | D:9      | Found a burning altar of Makhleb.
  8439 | D:9      | Noticed a rust devil
  8599 | D:9      | Noticed Pikel
  8622 | D:9      | Killed Pikel
  8905 | D:10     | Entered Level 10 of the Dungeon
  9552 | D:9      | Reached XP level 11. HP: 84/87 MP: 17/19
 10286 | D:9      | Found a staircase to the Orcish Mines.
 10780 | D:10     | Reached skill level 5 in Conjurations
 10780 | D:10     | Reached skill level 5 in Hexes
 10780 | D:10     | Reached skill level 5 in Charms
 10780 | D:10     | Reached skill level 5 in Summonings
 10780 | D:10     | Reached skill level 5 in Necromancy
 10780 | D:10     | Reached skill level 5 in Translocations
 10780 | D:10     | Reached skill level 5 in Transmutations
 10780 | D:10     | Reached skill level 5 in Fire Magic
 10780 | D:10     | Reached skill level 5 in Ice Magic
 10780 | D:10     | Reached skill level 5 in Air Magic
 10780 | D:10     | Reached skill level 5 in Earth Magic
 10780 | D:10     | Reached skill level 5 in Poison Magic
 10852 | D:10     | Killed an unseen horror
 11454 | D:10     | Found a staircase to the Lair.
 11609 | D:10     | Noticed a cyclops
 11610 | D:10     | Noticed a skeletal warrior
 11623 | D:10     | Killed a cyclops
 11636 | D:10     | Killed a skeletal warrior
 11832 | D:10     | Noticed an ogre mage
 11836 | D:10     | Found a runed translucent door.
 11877 | D:10     | Killed an ogre mage
 11887 | D:10     | Killed an unseen horror
 12118 | D:10     | Noticed a deep elf mage
 12122 | D:10     | Killed a deep elf mage
 12187 | D:10     | Reached XP level 12. HP: 96/96 MP: 22/22
 12296 | D:10     | Identified the cursed +2 great sword "Uvaixzut" {flame,
                  | *Rage rElec rN+++}
 12296 | D:10     | Noticed a centaur warrior
 12313 | D:10     | Killed a centaur warrior
 12337 | D:10     | Noticed a centaur warrior
 12350 | D:10     | Killed a centaur warrior
 13122 | D:11     | Noticed a two-headed ogre
 13140 | D:11     | Killed a two-headed ogre
 13581 | D:11     | Noticed a two-headed ogre
 13593 | D:11     | Killed a two-headed ogre
 14461 | D:11     | Found a basalt altar of Yredelemnul.
 14582 | D:11     | You fall into a shaft and drop 1 floor!
 14741 | D:12     | Reached skill level 10 in Fighting
 14741 | D:12     | Reached skill level 10 in Armour
 14741 | D:12     | Reached skill level 10 in Shields
 15738 | D:12     | Found a white marble altar of Elyvilon.
 15739 | D:12     | Noticed a death knight
 15741 | D:12     | Reached XP level 13. HP: 103/103 MP: 24/24
 16323 | D:12     | Found Gozag's Platinum Reserve.
 16380 | D:12     | Found an opulent altar of Gozag.
 16617 | D:12     | Found a glowing silver altar of Zin.
 17090 | Lair:1   | Entered Level 1 of the Lair of Beasts
 17937 | Lair:2   | Found a runed translucent gate.
 17941 | Lair:2   | Found a runed translucent gate.
 17941 | Lair:2   | Found a runed translucent gate.
 18205 | Lair:2   | Noticed Setanta's ghost (journeyman GnFi)
 18235 | Lair:2   | Killed Setanta's ghost
 18239 | Lair:2   | Got an ancient trident
 18244 | Lair:2   | Identified the +4 trident "Sarcophage" {venom, rPois Dex+2}
                  | (You found it on level 2 of the Lair of Beasts)
 18600 | Lair:2   | Found a staircase to the Shoals.
 19531 | Lair:3   | Noticed an ice dragon
 19564 | Lair:3   | Killed an ice dragon
 20241 | Lair:4   | Found a hole to the Spider Nest.
 20901 | Lair:5   | Found a staircase to the Slime Pits.
 20901 | Lair:5   | Found a viscous altar of Jiyva.
 20968 | Lair:5   | You fall into a shaft and drop 1 floor!
 20968 | Lair:6   | Entered Level 6 of the Lair of Beasts
 21028 | Lair:5   | Reached XP level 14. HP: 65/111 MP: 26/26
 21850 | Lair:6   | Reached skill level 10 in Axes
 22400 | Lair:6   | Paralysed by a hornet for 1 turns
 22404 | Lair:6   | Paralysed by a hornet for 1 turns
 22979 | Lair:6   | Reached skill level 10 in Invocations
 24189 | Orc:1    | Entered Level 1 of the Orcish Mines
 24543 | Orc:1    | Noticed an orc warlord
 24596 | D:9      | Killed an orc warlord
 25020 | Orc:2    | Entered Level 2 of the Orcish Mines
 25516 | Orc:2    | Reached XP level 15. HP: 103/119 MP: 28/28
 25873 | Orc:2    | Found Requud's Magic Scroll Shop.
 25873 | Orc:2    | Found Ynoefemu's Distillery.
 25921 | Orc:2    | Found a staircase to the Elven Halls.
 25921 | Orc:2    | Noticed Sonja
 25959 | Orc:2    | Killed Sonja
 26087 | Orc:2    | Found a roughly hewn altar of Beogh.
 26112 | Orc:2    | Found Jaotsiyn's Weapon Shop.
 26112 | Orc:2    | Found Ceitwaud's Jewellery Emporium.
 26733 | Orc:1    | Noticed sentinel's ghost (journeyman DDNe)
 26747 | Orc:1    | Found a transporter.
 26922 | Orc:1    | Found a transporter.
 27111 | Temple   | Entered the Ecumenical Temple
 27116 | Temple   | Became a worshipper of Warmaster Okawaru
 27645 | D:13     | Found a large runed translucent door.
 27645 | D:13     | Found a large runed translucent door.
 27646 | D:13     | Noticed Ined's ghost (journeyman MiBe)
 27693 | D:13     | Reached * piety under Okawaru
 28087 | D:13     | Found a gate to the Vaults.
 28107 | D:13     | Reached ** piety under Okawaru
 28293 | D:13     | Reached skill level 10 in Short Blades
 28293 | D:13     | Reached skill level 10 in Long Blades
 28293 | D:13     | Reached skill level 10 in Maces & Flails
 28293 | D:13     | Reached skill level 10 in Polearms
 28293 | D:13     | Reached skill level 10 in Staves
 28293 | D:13     | Reached skill level 10 in Slings
 28293 | D:13     | Reached skill level 10 in Bows
 28293 | D:13     | Reached skill level 10 in Crossbows
 28293 | D:13     | Reached skill level 10 in Throwing
 28293 | D:13     | Reached skill level 10 in Dodging
 28293 | D:13     | Reached skill level 10 in Stealth
 28293 | D:13     | Reached skill level 10 in Unarmed Combat
 28293 | D:13     | Reached skill level 10 in Spellcasting
 28293 | D:13     | Reached skill level 10 in Evocations
 28338 | D:13     | Found a sparkling altar of Nemelex Xobeh.
 28493 | D:13     | Noticed Erolcha
 28499 | D:13     | Killed Erolcha
 28805 | D:14     | Reached *** piety under Okawaru
 29036 | D:14     | Got a pair of fading boots
 29062 | D:14     | Identified the +1 pair of boots of Decaying Leaves {Harm
                  | Int+5} (You found it on level 14 of the Dungeon)
 29345 | D:14     | Reached **** piety under Okawaru
 29406 | D:14     | Found a portal to a secret trove of treasure.
 29566 | D:13     | Slain by a white ugly thing

Illustrated notes

Levels and vault maps discovered:
D:1:      dpeg_arrival_snail, layout_loops_ring
D:2:      kennysheep_big_flooded_room, layout_loops_ring, uniq_sigmund
D:3:      layout_basic, chequers_serial_rivers_micro_b, uniq_grinder
D:4:      layout_rooms, minmay_temple_entry_junction, first_ration, minivault_23
D:5:      layout_basic
D:6:      layout_basic, eat_drink_and_be_merry_uskayaw, uniq_eustachio
D:7:      layout_basic, basic_altar, eino_small_chamber_without_monster,
          uniq_maggie, uniq_crazy_yiuf_cottage
D:8:      layout_basic, grunt_ogre_cave, minmay_misc_feat_pillars
D:9:      layout_cave_pools, kennysheep_orc_monster_closet_entryway,
          lemuel_hellish_altar, uniq_pikel
D:10:     minmay_the_grid_triangle_9x9_rhombus_full
          [minmay_the_grid_triangle_9x9_subtriangle,
          minmay_the_grid_triangle_9x9_sprig,
          minmay_the_grid_triangle_9x9_thin_v,
          minmay_the_grid_triangle_9x9_minimal,
          minmay_the_grid_triangle_9x9_dagger,
          minmay_the_grid_triangle_9x9_descending_squares,
          minmay_the_grid_triangle_9x9_zippers_horizontal,
          minmay_the_grid_triangle_9x9_prize_top_heavy], layout_gridville,
          lair_entry_dummy
D:11:     layout_roguey, lemuel_mausoleum_altar_yredelemnul
D:12:     layout_basic, hangedman_feature_mirror,
          nicolae_gozag_zags_fifth_avenue
D:13:     layout_basic, grunt_vaults_entry_tiered, ebering_ghost_disaster_area,
          nemelex_diamond_rough_becter, uniq_erolcha
D:14:     layout_gridville, nicolae_trove_entry_columns, minivault_25,
          minmay_shattered_shrine
Temple:   grunt_wide_crystal_templ
Lair:1:   layout_roguey, grunt_megastairs_3, minmay_lair_oklob_chamber
Lair:2:   lemuel_reptile_caves, layout_chaotic_city, elwin_shoals_entry_rocks,
          ebering_ghost_rock_garden
Lair:3:   layout_long_grid, ice2_lemuel
Lair:4:   layout_hall_layers, dummy_spider_entry, small_statue_intersection,
          kennysheep_catoblepas_arena, lemuel_fruit_tree
Lair:5:   layout_small_grid, slime_altar_1, serial_bayou_shore_b
Lair:6:   minmay_lair_end_enchanted_forest, layout_misc_corridors
Orc:1:    layout_diamond_mine, gammafunk_ghost_smash
Orc:2:    st_orc_town, layout_caves, mines2_lemuel, uniq_sonja

Skill      XL: |  1  2  3  4  5  6  7  8  9 10 11 12 13 14 15 |
---------------+----------------------------------------------+-----
Invocations    | 1 2 3 4 5 6 7 8 9 10 11 | 11.0
Short Blades   | 1 2 3 4 5 6 7 8 9 10 | 10.1
Long Blades    | 1 2 3 4 5 6 7 8 9 10 | 10.1
Maces & Flails | 1 2 3 4 5 6 7 8 9 10 | 10.1
Polearms       | 1 2 3 4 5 6 7 8 9 10 | 10.1
Staves         | 1 2 3 4 5 6 7 8 9 10 | 10.1
Slings         | 1 2 3 4 5 6 7 8 9 10 | 10.1
Bows           | 1 2 3 4 5 6 7 8 9 10 | 10.1
Crossbows      | 1 2 3 4 5 6 7 8 9 10 | 10.1
Throwing       | 1 2 3 4 5 6 7 8 9 10 | 10.1
Dodging        | 1 2 3 4 5 6 7 8 9 10 | 10.1
Stealth        | 1 2 3 4 5 6 7 8 9 10 | 10.1
Unarmed Combat | 1 2 3 4 5 6 7 8 9 10 | 10.1
Spellcasting   | 1 2 3 4 5 6 7 8 9 10 | 10.1
Conjurations   | 1 2 3 4 5 6 7 8 |  8.6
Hexes          | 1 2 3 4 5 6 7 8 |  8.6
Charms         | 1 2 3 4 5 6 7 8 |  8.6
Summonings     | 1 2 3 4 5 6 7 8 |  8.6
Necromancy     | 1 2 3 4 5 6 7 8 |  8.6
Translocations | 1 2 3 4 5 6 7 8 |  8.6
Transmutations | 1 2 3 4 5 6 7 8 |  8.6
Fire Magic     | 1 2 3 4 5 6 7 8 |  8.6
Ice Magic      | 1 2 3 4 5 6 7 8 |  8.6
Air Magic      | 1 2 3 4 5 6 7 8 |  8.6
Earth Magic    | 1 2 3 4 5 6 7 8 |  8.6
Poison Magic   | 1 2 3 4 5 6 7 8 |  8.6
Evocations     | 1 2 3 4 5 6 7 8 9 10 | 10.1
Axes           | 5 6 7 8 9 10 11 | 11.1
Fighting       | 7 8 9 10 11 | 11.9
Armour         | 7 8 9 10 11 | 11.9
Shields        | 7 8 9 10 11 | 11.9

Action                   |  1- 3 |  4- 6 |  7- 9 | 10-12 | 13-15 || total
-------------------------+-------+-------+-------+-------+-------++-------
Melee: War axe           |    99 |   141 |     1 |       |       ||   241
       Bite              |    11 |    16 |    35 |   116 |   294 ||   472
       Flail             |       |       |   120 |       |       ||   120
       Broad axe         |       |       |   132 |     9 |       ||   141
       Mace              |       |       |       |   676 |  1848 ||  2524
  Use: Potion            |       |     1 |     1 |     5 |     3 ||    10
       Scroll            |       |       |    13 |    10 |    10 ||    33
 Stab: Sleeping          |       |       |     1 |     2 |       ||     3
       Distracted        |       |       |     1 |       |       ||     1
  Eat: Chunk             |       |     6 |    16 |    26 |    38 ||    86
       Ration            |       |       |       |     1 |     3 ||     4
Armor: Scale mail        |    34 |    49 |    83 |    43 |       ||   209
       Chain mail        |       |       |       |   113 |   387 ||   500
       Plate armour      |       |       |       |   160 |   607 ||   767
Dodge: Dodged            |    31 |    49 |    76 |   237 |   863 ||  1256
Block: Kite shield       |    54 |    75 |   166 |   464 |  1318 ||  2077
